PA
CHICAGO GOLD SOX @ DELAWARE 1787 BC
08/19/2038
 
TOP OF THE 1ST
Chicago Gold Sox batting - Pitching for Delaware 1787 BC : LHP Pepe Fontirroig
Pitching: LHP Pepe Fontirroig
Batting: RHB Gil James 0-0: Ball
1-0: Ball
2-0: Fly out, F8 (Flyball, 8RD, EV 102.5 MPH)
Batting: LHB Jeff Griffin 0-0: Ball
1-0: SINGLE (Groundball, 34D, EV 96.2 MPH)
Batting: RHB Estanislao Hirigoyen 0-0: Swinging Strike
0-1: Fly out, F8 (Line Drive, 8LD, EV 106.2 MPH)
Batting: RHB John Batman 0-0: Ball
1-0: 2-RUN HOME RUN (Flyball, 78XD, EV 100.6 MPH), Distance : 380 ft
Batting: LHB Jack McCusker 0-0: Called Strike
0-1: Ball
1-1: Swinging Strike
1-2: Strikes out swinging
Top of the 1st over - 2 runs, 2 hits, 0 errors, 0 left on base; Chicago 2 - Delaware 0
BOTTOM OF THE 1ST
Delaware 1787 BC batting - Pitching for Chicago Gold Sox : RHP Hakumele Apelama
Pitching: RHP Hakumele Apelama
Batting: SHB John Clements 0-0: Ball
1-0: SINGLE (Groundball, 4S, EV 67.5 MPH) (infield hit)
Batting: SHB Marc Cadiou 0-0: Called Strike
0-1: Fielders Choice at 2nd, 3-6 (Groundball, 3, EV 83.1 MPH)
Batting: RHB Yong-ho Jheon 0-0: DOUBLE (Line Drive, 3D, EV 101.2 MPH)
Marc Cadiou to third
Runner from 3rd tries for Home, SAFE, throw by RF to trailing runner, SAFE at third!
Batting: LHB Luis González 0-0: Called Strike
0-1: Ball
1-1: Foul Ball, location: 2F
1-2: Fly out, F7 (Flyball, 7, EV 85.6 MPH)
Runner from 3rd tags up, SCORES, throw by LF
Batting: RHB Matt Méndez 0-0: Called Strike
0-1: Foul Ball, location: 2F
0-2: Fly out, F7 (Flyball, 7LM, EV 86.2 MPH)
Bottom of the 1st over - 2 runs, 2 hits, 0 errors, 0 left on base; Chicago 2 - Delaware 2
TOP OF THE 2ND
Chicago Gold Sox batting - Pitching for Delaware 1787 BC : LHP Pepe Fontirroig
Batting: RHB Iván Reyes 0-0: Called Strike
0-1: Ball
1-1: Ball
2-1: SINGLE (Line Drive, 8RS, EV 110.0 MPH)
Batting: SHB Ralph Titus 0-0: Ball
1-0: Swinging Strike
1-1: Ball
2-1: Called Strike
2-2: Strikes out swinging
Batting: RHB José Cruz 0-0: Ball
1-0: Ball
2-0: Fly out, F7 (Flyball, 7D, EV 105.6 MPH)
Batting: LHB Xavier Petit 0-0: Called Strike
0-1: Ball
1-1: Foul Ball, location: 2F
1-2: Strikes out swinging
Top of the 2nd over - 0 runs, 1 hit, 0 errors, 1 left on base; Chicago 2 - Delaware 2
BOTTOM OF THE 2ND
Delaware 1787 BC batting - Pitching for Chicago Gold Sox : RHP Hakumele Apelama
Batting: RHB Denis Perrin 0-0: Called Strike
0-1: Called Strike
0-2: SINGLE (Groundball, 4MD, EV 106.9 MPH)
Batting: RHB Lloyd van Grootveld 0-0: Fly out, F4 (Line Drive, 4, EV 61.2 MPH)
Batting: RHB Andrés Márquez 0-0: Ball
1-0: Ball
2-0: Called Strike
2-1: Foul Ball, location: 2F
2-2: SINGLE (Line Drive, 78S, EV 94.4 MPH)
Denis Perrin to second
Batting: LHB Quentin Batkin 0-0: Called Strike
0-1: Called Strike
0-2: Foul Ball, location: 2F
0-2: Ball
1-2: Foul Ball, location: 2F
1-2: Strikes out swinging
Batting: SHB John Clements 0-0: Ball
1-0: Ball
2-0: Called Strike
2-1: Ball
3-1: Foul Ball, location: 2F
3-2: Foul Ball, location: 2F
3-2: DOUBLE (Popup, 3D, EV 59.4 MPH)
Denis Perrin scores
Andrés Márquez to third
Andrés Márquez scores
Batting: SHB Marc Cadiou 0-0: Foul Ball, location: 2F
0-1: Ball
1-1: Called Strike
1-2: Strikes out swinging
Bottom of the 2nd over - 2 runs, 3 hits, 0 errors, 1 left on base; Chicago 2 - Delaware 4
TOP OF THE 3RD
Chicago Gold Sox batting - Pitching for Delaware 1787 BC : LHP Pepe Fontirroig
Batting: RHB Gil James 0-0: Foul Ball, location: 2F
0-1: Foul Ball, location: 2F
0-2: Ball
1-2: Strikes out swinging
Batting: LHB Jeff Griffin 0-0: Ball
1-0: Called Strike
1-1: Ball
2-1: Ball
3-1: Called Strike
3-2: DOUBLE (Flyball, 78D, EV 90.0 MPH)
Batting: RHB Estanislao Hirigoyen 0-0: Called Strike
0-1: Swinging Strike
0-2: Strikes out swinging
Batting: RHB John Batman 0-0: Foul Ball, location: 2F
0-1: Ball
1-1: Called Strike
1-2: Foul Ball, location: 2F
1-2: Strikes out swinging
Top of the 3rd over - 0 runs, 1 hit, 0 errors, 1 left on base; Chicago 2 - Delaware 4
BOTTOM OF THE 3RD
Delaware 1787 BC batting - Pitching for Chicago Gold Sox : RHP Hakumele Apelama
Batting: RHB Yong-ho Jheon 0-0: Called Strike
0-1: Foul Ball, location: 2F
0-2: Ball
1-2: Ball
2-2: Ball
3-2: Strikes out looking
Batting: LHB Luis González 0-0: Ball
1-0: Ball
2-0: Ball
3-0: Called Strike
3-1: Foul Ball, location: 2F
3-2: Base on Balls
Batting: RHB Matt Méndez 0-0: Ball
1-0: Ball
2-0: Swinging Strike
2-1: Foul Ball, location: 2F
2-2: Foul Ball, location: 2F
2-2: Ball
3-2: Fly out, F5 (Line Drive, 5, EV 63.8 MPH)
Batting: RHB Denis Perrin 0-0: Ball
1-0: Ground out 4-3 (Groundball, 4, EV 105.6 MPH)
Bottom of the 3rd over - 0 runs, 0 hits, 0 errors, 1 left on base; Chicago 2 - Delaware 4
TOP OF THE 4TH
Chicago Gold Sox batting - Pitching for Delaware 1787 BC : LHP Pepe Fontirroig
Batting: LHB Jack McCusker 0-0: Ball
1-0: Ball
2-0: Foul Ball, location: 2F
2-1: Foul Ball, location: 2F
2-2: Hit by Pitch
Batting: RHB Iván Reyes 0-0: Ball
1-0: Fielders Choice at 2nd, 6-4 (Groundball, 6, EV 90.0 MPH)
Batting: SHB Ralph Titus 0-0: Ball
1-0: Fly out, F9 (Flyball, 9, EV 96.9 MPH)
Batting: RHB José Cruz 0-0: SINGLE (Flyball, 9S, EV 90.0 MPH)
Iván Reyes to second
Runner from 2nd tries for 3rd, SAFE, no throw by RF
Batting: LHB Xavier Petit 0-0: Ball
1-0: Swinging Strike
1-1: Foul Ball, location: 2F
1-2: Foul Ball, location: 2F
1-2: Strikes out swinging
Top of the 4th over - 0 runs, 1 hit, 0 errors, 2 left on base; Chicago 2 - Delaware 4
BOTTOM OF THE 4TH
Delaware 1787 BC batting - Pitching for Chicago Gold Sox : RHP Hakumele Apelama
Batting: RHB Lloyd van Grootveld 0-0: Ball
1-0: Foul Ball, location: 2F
1-1: Called Strike
1-2: Strikes out looking
Batting: RHB Andrés Márquez 0-0: SINGLE (Line Drive, 7S, EV 91.2 MPH)
Batting: LHB Quentin Batkin 0-0: Foul Ball, location: 2F
0-1: Swinging Strike
0-2: Ball
1-2: DOUBLE (Groundball, 3L, EV 95.0 MPH)
Andrés Márquez to third
Batting: SHB John Clements 0-0: Ball
1-0: Foul Ball, location: 2F
1-1: SINGLE (Groundball, 6MD, EV 98.1 MPH)
Andrés Márquez scores
Quentin Batkin to third
Runner from 3rd tries for Home, SAFE, throw by CF to home
John Clements to second
Pitching: LHP Huai-yi Lee
Batting: SHB Marc Cadiou 0-0: Foul Ball, location: 2F
0-1: Swinging Strike
0-2: Ball
1-2: Foul Ball, location: 2F
1-2: Strikes out looking
Batting: RHB Yong-ho Jheon 0-0: Foul Ball, location: 2F
0-1: Called Strike
0-2: Ball
1-2: Ball
2-2: Foul Ball, location: 2RF, Error on foul ball, E2
2-2: Strikes out swinging
Bottom of the 4th over - 2 runs, 3 hits, 1 error, 1 left on base; Chicago 2 - Delaware 6
TOP OF THE 5TH
Chicago Gold Sox batting - Pitching for Delaware 1787 BC : LHP Pepe Fontirroig
Batting: RHB Gil James 0-0: Ball
1-0: Ball
2-0: Ground out 6-3 (Groundball, 6, EV 84.4 MPH)
Batting: LHB Jeff Griffin 0-0: Called Strike
0-1: Swinging Strike
0-2: Ground out 5-3 (Groundball, 56, EV 90.0 MPH)
Batting: RHB Estanislao Hirigoyen 0-0: Foul Ball, location: 2F
0-1: Foul Ball, location: 2F
0-2: Ball
1-2: Fly out, F9 (Flyball, 89S, EV 83.1 MPH)
Top of the 5th over - 0 runs, 0 hits, 0 errors, 0 left on base; Chicago 2 - Delaware 6
BOTTOM OF THE 5TH
Delaware 1787 BC batting - Pitching for Chicago Gold Sox : LHP Huai-yi Lee
Batting: LHB Luis González 0-0: Called Strike
0-1: Called Strike
0-2: Ball
1-2: Ball
2-2: Strikes out swinging
Batting: RHB Matt Méndez 0-0: Ball
1-0: Ball
2-0: Ground out 6-3 (Groundball, 6MS, EV 85.6 MPH)
Batting: RHB Denis Perrin 0-0: Ball
1-0: Called Strike
1-1: Swinging Strike
1-2: Ball
2-2: Foul Ball, location: 2F
2-2: Strikes out swinging
Bottom of the 5th over - 0 runs, 0 hits, 0 errors, 0 left on base; Chicago 2 - Delaware 6
TOP OF THE 6TH
Chicago Gold Sox batting - Pitching for Delaware 1787 BC : LHP Pepe Fontirroig
Batting: RHB John Batman 0-0: Foul Ball, location: 2F
0-1: Called Strike
0-2: Ball
1-2: Strikes out looking
Batting: LHB Jack McCusker 0-0: Foul Ball, location: 2F
0-1: Swinging Strike
0-2: Ball
1-2: Strikes out looking
Batting: RHB Iván Reyes 0-0: Called Strike
0-1: Ball
1-1: Foul Ball, location: 2F
1-2: Foul Ball, location: 2F
1-2: Foul Ball, location: 2F
1-2: Ball
2-2: Ground out 5-3 (Groundball, 5S, EV 80.6 MPH)
Top of the 6th over - 0 runs, 0 hits, 0 errors, 0 left on base; Chicago 2 - Delaware 6
BOTTOM OF THE 6TH
Delaware 1787 BC batting - Pitching for Chicago Gold Sox : LHP Huai-yi Lee
Batting: RHB Lloyd van Grootveld 0-0: Ball
1-0: Swinging Strike
1-1: Foul Ball, location: 2F
1-2: Strikes out looking
Batting: RHB Andrés Márquez 0-0: Ball
1-0: Ball
2-0: Called Strike
2-1: Ball
3-1: Base on Balls
Batting: LHB Quentin Batkin 0-0: Called Strike
0-1: Called Strike
0-2: Strikes out swinging
Batting: SHB John Clements 0-0: Called Strike
0-1: Called Strike
0-2: Foul Ball, location: 2F
0-2: Strikes out looking
Bottom of the 6th over - 0 runs, 0 hits, 0 errors, 1 left on base; Chicago 2 - Delaware 6
TOP OF THE 7TH
Chicago Gold Sox batting - Pitching for Delaware 1787 BC : LHP Pepe Fontirroig
Batting: SHB Ralph Titus 0-0: Called Strike
0-1: Swinging Strike
0-2: Ball
1-2: Strikes out looking
Batting: RHB José Cruz 0-0: Called Strike
0-1: Foul Ball, location: 2F
0-2: SINGLE (Groundball, 56D, EV 94.4 MPH)
Batting: LHB Xavier Petit 0-0: Foul Ball, location: 2F
0-1: Ball
1-1: Fielders Choice at 2nd, 4-6 (Groundball, 34, EV 105.0 MPH)
Batting: RHB Gil James 0-0: Called Strike
0-1: Foul Ball, location: 2F
0-2: Fly out, F5 (Flyball, 5D, EV 74.4 MPH)
Top of the 7th over - 0 runs, 1 hit, 0 errors, 1 left on base; Chicago 2 - Delaware 6
BOTTOM OF THE 7TH
Delaware 1787 BC batting - Pitching for Chicago Gold Sox : LHP Huai-yi Lee
Batting: SHB Marc Cadiou 0-0: Ground out 5-3 (Groundball, 56S, EV 69.4 MPH)
Batting: RHB Yong-ho Jheon 0-0: Ball
1-0: Foul Ball, location: 2F
1-1: Ball
2-1: SINGLE (Line Drive, 8LS, EV 102.5 MPH)
Pitching: RHP Matt Elmore
Batting: LHB Luis González 0-0: Ball
1-0: Called Strike
1-1: Called Strike
1-2: Strikes out looking
Batting: RHB Matt Méndez 0-0: Ball
1-0: Ball
2-0: Ball
3-0: Called Strike
3-1: Base on Balls
Yong-ho Jheon to second
Batting: RHB Denis Perrin 0-0: Called Strike
0-1: Ball
1-1: SINGLE (Flyball, 78S, EV 85.0 MPH)
Yong-ho Jheon to third
Matt Méndez to second
Runner from 3rd tries for Home, SAFE, throw by CF to home
Batting: RHB Lloyd van Grootveld 0-0: Ball
1-0: Ball
2-0: Ball
3-0: Base on Balls
Matt Méndez to third
Denis Perrin to second
Batting: RHB Andrés Márquez 0-0: Ball
1-0: Foul Ball, location: 2F
1-1: Ball
2-1: DOUBLE (Line Drive, 89D, EV 108.1 MPH)
Matt Méndez scores
Denis Perrin scores
Lloyd van Grootveld to third
Pinch Hitting: RHB Artie Owens 0-0: Called Strike
0-1: Foul Ball, location: 2F
0-2: Ball
1-2: Ground out 1-3 (Groundball, 34S, EV 91.9 MPH)
Bottom of the 7th over - 3 runs, 3 hits, 0 errors, 2 left on base; Chicago 2 - Delaware 9
TOP OF THE 8TH
Chicago Gold Sox batting - Pitching for Delaware 1787 BC : LHP Pepe Fontirroig
Now at SS: Trevor Boele
Batting: LHB Jeff Griffin 0-0: Swinging Strike
0-1: Ball
1-1: Foul Ball, location: 2F
1-2: Ball
2-2: Strikes out swinging
Pitching: RHP Michinori Nakamura
Batting: RHB Estanislao Hirigoyen 0-0: Called Strike
0-1: Swinging Strike
0-2: Fly out, F7 (Flyball, 7LM, EV 106.2 MPH)
Batting: RHB John Batman 0-0: Called Strike
0-1: Ball
1-1: Swinging Strike
1-2: Foul Ball, location: 2F
1-2: Strikes out swinging
Top of the 8th over - 0 runs, 0 hits, 0 errors, 0 left on base; Chicago 2 - Delaware 9
BOTTOM OF THE 8TH
Delaware 1787 BC batting - Pitching for Chicago Gold Sox : RHP Matt Elmore
Pinch Hitting: LHB Bill Green 0-0: Called Strike
0-1: Swinging Strike
0-2: Foul Ball, location: 2F
0-2: Ball
1-2: Ball
2-2: Fly out, F2 (Popup, 2LF, EV 91.9 MPH)
Batting: SHB Marc Cadiou 0-0: Foul Ball, location: 2F
0-1: Called Strike
0-2: Foul Ball, location: 2F
0-2: Ball
1-2: Ground out 4-3 (Groundball, 4S, EV 86.2 MPH)
Batting: RHB Yong-ho Jheon 0-0: Ball
1-0: Ball
2-0: Ball
3-0: Called Strike
3-1: Foul Ball, location: 2F
3-2: Base on Balls
Batting: LHB Luis González 0-0: Called Strike
0-1: Foul Ball, location: 2F
0-2: SINGLE (Line Drive, 5D, EV 96.2 MPH)
Yong-ho Jheon to second
Batting: RHB Matt Méndez 0-0: Called Strike
0-1: Ball
1-1: Foul Ball, location: 2F
1-2: Ball
2-2: Ball
3-2: Foul Ball, location: 2F
3-2: SINGLE (Groundball, 34D, EV 95.6 MPH)
Yong-ho Jheon to third
Luis González to second
Yong-ho Jheon scores
Luis González to third
Batting: RHB Denis Perrin 0-0: Called Strike
0-1: Ball
1-1: Ball
2-1: Ground out 4-3 (Groundball, 4, EV 85.0 MPH)
Bottom of the 8th over - 1 run, 2 hits, 0 errors, 2 left on base; Chicago 2 - Delaware 10
TOP OF THE 9TH
Chicago Gold Sox batting - Pitching for Delaware 1787 BC : RHP Michinori Nakamura
Now in LF: Bill Green
Pinch Hitting: RHB Stephen Sparks 0-0: Ball
1-0: Ball
2-0: Called Strike
2-1: Foul Ball, location: 2F
2-2: Fly out, F3 (Popup, 3F, EV 73.8 MPH)
Batting: RHB Iván Reyes 0-0: Foul Ball, location: 2F
0-1: Ball
1-1: Called Strike
1-2: Ball
2-2: Foul Ball, location: 2F
2-2: Ball
3-2: Base on Balls
Batting: SHB Ralph Titus 0-0: Foul Ball, location: 2F
0-1: Ball
1-1: Ball
2-1: Hit by Pitch
Iván Reyes to second
Batting: RHB José Cruz 0-0: Called Strike
0-1: Ball
1-1: Fly out, F4 (Popup, 4M, EV 56.2 MPH)
Batting: LHB Xavier Petit 0-0: Ball
1-0: Foul Ball, location: 2F
1-1: Foul Ball, location: 2F
1-2: Ball
2-2: Foul Ball, location: 2F
2-2: Strikes out looking
Top of the 9th over - 0 runs, 0 hits, 0 errors, 2 left on base; Chicago 2 - Delaware 10
Friday, April 17th, 2020 - OOTP Baseball 20.8 Build 74